AoeStats
← MooseMooch

Arabia

508942829Analyzed
1v1 RM · 8d ago on Sep 24, 2026· 38m 53s· 2 players
Game mode
Random Map
Map size
Tiny (2 player)
Population
200
Speed
Normal
Resources
Standard
Victory
Conquest
Starting age
Dark Age
Ending age
Imperial Age
RankedLock teamsTeams togetherTeam positionsShared explorationLock speedFull tech treeHidden civsTurbo modeCheats
Victory
Defeat
🇵🇱 Poles · Poland
1220
+16
🇩🇪 Portuguese · Germany
1217
-16
MooseMooch
6:58 Loom
9:15 Feudal Age
12:34 Fletching
18:22 Wheelbarrow
21:17 Castle Age
22:06 Bloodlines
22:02 Scale Barding Armor
22:18 Husbandry
22:30 Forging
22:30 Double-Bit Axe
23:37 Bow Saw
25:30 Horse Collar
26:12 Heavy Plow
32:26 Pikeman
33:07 Scale Mail Armor
34:16 Town Watch
34:48 Hand Cart
39:15 Imperial Age
38:01 Chain Mail Armor
39:12 Iron Casting
HTF
4:02 Loom
6:11 Loom
8:58 Feudal Age
9:45 Double-Bit Axe
9:42 Horse Collar
19:25 Castle Age
18:30 Forging
22:11 Bow Saw
22:02 Heavy Plow
24:39 Bloodlines
24:37 Scale Barding Armor
24:32 Gold Mining
25:37 Husbandry
27:42 Wheelbarrow
35:19 Imperial Age
33:05 Szlachta Privileges
34:11 Iron Casting
34:05 Hand Cart
33:35 Town Watch
35:36 Cavalier
37:18 Blast Furnace
37:45 Chain Barding Armor
Connection lost

Rejoining the realm…

Still unreachable

The connection could not be restored.

Session expired

The server has moved on; the page needs a fresh start.